 Dungeon Crawl Stone Soup version 0.19.1 (webtiles) character file.

569 empire the Skirmisher (level 7, -3/61 HPs)
             Began as a Red Draconian Abyssal Knight on Dec 13, 2016.
             Was a Priest of Lugonu.
             Killed by a spatial distortion (4 damage)
             ... on level 4 of the Dungeon.
             The game lasted 00:10:26 (3705 turns).

empire the Skirmisher (DrAK)                        Turns: 3705, Time: 00:10:26

Health: -3/61      AC:  6    Str: 17    XL:     7   Next: 11%
Magic:  10/10      EV: 13    Int: 14    God:    Lugonu [***...]
Gold:   113        SH:  0    Dex: 12    Spells: 0 memorised, 6 levels left

rFire  + . .     SeeInvis .     a - +1 falchion
rCold  . . .     Gourm    .     (armour unavailable)
rNeg   . . .     Faith    .     (no shield)
rPois  .         Spirit   .     (helmet restricted)
rElec  .         Reflect  .     (no cloak)
rCorr  .         Harm     .     (no gloves)
MR     .....                    (no boots)
Stlth  +.........               (no amulet)
                                (no ring)
                                (no ring)

@: lethally poisoned (-3 -> -4)
A: breathe fire, unfitting armour, clever 1, fire resistance 1, sense
surroundings 1, strong 1, cold-blooded, AC +6
a: Breathe Fire, Depart the Abyss, Bend Space, Banish, Renounce Religion


You were on level 4 of the Dungeon.
You worshipped Lugonu.
Lugonu was most pleased with you.
You were hungry.

You visited 1 branch of the dungeon, and saw 4 of its levels.
You visited the Abyss 1 time.

You collected 113 gold pieces.

Inventory:

Hand Weapons
 a - a +1 falchion (weapon)
 q - a +3 dagger
 w - a +5 club
Missiles
 d - 27 bolts
 r - 37 arrows
 t - 15 poisoned needles
Jewellery
 u - a cursed ring of poison resistance {unknown}
 v - the amulet "Mewupt" {Harm *Drain rElec Dex-4 Slay+3, unknown}
   (You found it on level 4 of the Dungeon)

   [amulet of harm]

   It increases damage dealt and taken.
   It affects your dexterity (-4).
   It affects your accuracy and damage with ranged weapons and melee attacks
   (+3).
   It insulates you from electricity.
   It causes draining when unequipped.
Scrolls
 c - 7 scrolls of identify {unknown}
 e - 2 scrolls of magic mapping {unknown}
 i - 5 scrolls of remove curse {unknown}
 k - a scroll of enchant weapon {unknown}
 l - 3 scrolls of immolation {unknown}
 n - a scroll of recharging {unknown}
 o - a scroll of amnesia {unknown}
 p - 4 scrolls of teleportation {unknown}
 s - a scroll of fear {unknown}
Potions
 h - a potion of lignification
Comestibles
 b - a bread ration
 f - a beef jerky
 g - 3 fruits
 j - a meat ration
 m - 11 chunks of flesh


   Skills:
 + Level 5.1 Fighting
 + Level 4.2 Long Blades
 + Level 4.0 Dodging
 + Level 4.7 Invocations


You had 6 spell levels left.
You didn't know any spells.

Dungeon Overview and Level Annotations

Branches:
Dungeon (4/15)
 Temple: D:4-7

Altars:
Vehumet
The Shining One

Annotations:
Abyss:1 Grinder


Innate Abilities, Weirdness & Mutations

You can breathe blasts of fire.
Your fiery red scales are hard. (AC +6)
You cannot fit into any form of body armour.
Your flesh is heat resistant. (rF+)
You are cold-blooded and may be slowed by cold attacks.
Your mind is acute. (Int +2)
You passively map a small area around you.
Your muscles are strong. (Str +2)


Message History

* * * LOW HITPOINT WARNING * * *
You feel sick.
* * * LOW HITPOINT WARNING * * *
You feel sick.
Some of the chunks of flesh in your inventory have rotted away.
* * * LOW HITPOINT WARNING * * *
You feel sick.
* * * LOW HITPOINT WARNING * * *
You feel sick.
* * * LOW HITPOINT WARNING * * *
You feel sick.
* * * LOW HITPOINT WARNING * * *
You feel sick.
* * * LOW HITPOINT WARNING * * *
You feel sick.
There is a stone staircase leading up here.
* * * LOW HITPOINT WARNING * * *
You feel sick. Space bends around you!
You blink.
You die...

#. #...######. ,
#.##.......... ,,
##.....#######.## . *
#..........#....#..
#.###.....##.#... ,
#..........#...######
#.......##.#........,
##.###<............
#.#@....#.####.#####
# #s#..#...........#
#.#...######.###.#
#ยง#.....####.#....
#.#...#.#.........
#.#####.#.........
#.......#.........
#########...######
#.#########...#


You could see a scorpion.

Vanquished Creatures
  A bullfrog skeleton (D:3)
  2 orc priests (D:3)
  An orc wizard (D:3)
  An iguana (D:4)
  Ijyb (D:3)
  Robin (D:4)
  11 adders
  2 oozes
  3 worms
  2 dart slugs
  4 leopard geckos
  6 orcs
  12 bats
  6 giant cockroaches
  16 goblins
  13 hobgoblins
  6 jackals (D:1)
  8 kobolds
  2 quokkas
  5 ball pythons (D:2)
  2 frilled lizards (D:2)
  8 rats
113 creatures vanquished.

Vanquished Creatures (others)
  A goblin (D:4)
  A quokka (D:4)
2 creatures vanquished.

Grand Total: 115 creatures vanquished

Notes
Turn   | Place    | Note
-------+----------+-------------------------------------------
     0 | Abyss:1  | empire the Draconian Abyssal Knight began the quest for the Orb.
     0 | Abyss:1  | Reached XP level 1. HP: 19/19 MP: 2/2
    30 | D:1      | Escaped the Abyss
    72 | D:1      | Reached XP level 2. HP: 26/26 MP: 3/3
   361 | D:1      | Reached ** piety under Lugonu
   363 | D:1      | Reached XP level 3. HP: 33/33 MP: 4/4
   865 | D:2      | Found a glowing golden altar of the Shining One.
  1035 | D:2      | Reached skill level 4 in Fighting
  1291 | D:2      | Reached XP level 4. HP: 28/40 MP: 6/6
  1931 | D:2      | Reached XP level 5. HP: 40/46 MP: 7/7
  2282 | D:3      | Reached *** piety under Lugonu
  2307 | D:3      | Noticed Ijyb
  2354 | D:3      | Killed Ijyb
  2447 | D:3      | Noticed Grinder
  2454 | D:3      | Gained mutation: You passively map a small area around you. [potion of mutation]
  2454 | D:3      | Gained mutation: Your mind is acute. (Int +2) [potion of mutation]
  2454 | D:3      | Gained mutation: Your muscles are strong. (Str +2) [potion of mutation]
  2457 | D:3      | Paralysed by Grinder for 5 turns
  2470 | D:3      | Paralysed by Grinder for 6 turns
  2486 | D:3      | Paralysed by Grinder for 5 turns
  2493 | D:3      | Banished Grinder
  2493 | D:3      | Reached XP level 6. HP: 13/53 MP: 7/9
  2768 | D:3      | Found a radiant altar of Vehumet.
  3066 | D:3      | Reached skill level 5 in Fighting
  3339 | D:3      | Your scales start taking on a fiery red colour.
  3339 | D:3      | Reached XP level 7. HP: 52/61 MP: 10/10
  3339 | D:3      | Gained mutation: Your flesh is heat resistant. (rF+) [Red Draconian growth]
  3516 | D:4      | Got a faintly glowing diamond amulet
  3571 | D:4      | Noticed Robin
  3608 | D:4      | Killed Robin
  3688 | D:4      | HP: 3/61 [poisoned by a scorpion]
  3694 | D:4      | HP: 2/61 [poisoned by a scorpion]
  3700 | D:4      | HP: 1/61 [poisoned by a scorpion]
  3705 | D:4      | Killed by a spatial distortion

Skill      XL: |  1  2  3  4  5  6  7 |
---------------+----------------------+-----
Fighting       | 4 5 |  5.1
Invocations    | 3 4 |  4.7
Long Blades    | 3 4 |  4.2
Dodging        | 3 4 |  4.0

Action                   |  1- 3 |  4- 6 |  7- 9 || total
-------------------------+-------+-------+-------++-------
Melee: Falchion          |   121 |   231 |    42 ||   394
       Tailslap          |    10 |    35 |     8 ||    53
Invok: Banish            |       |     1 |       ||     1
       Bend Space        |       |       |     1 ||     1
 Abil: Breathe Fire      |       |       |     2 ||     2
  Use: Potion            |     2 |     4 |     1 ||     7
 Stab: Sleeping          |       |     5 |       ||     5
       Invisible         |       |     3 |       ||     3
  Eat: Chunk             |     1 |     8 |     1 ||    10
Armor: Skin              |    68 |    71 |    31 ||   170
Dodge: Dodged            |   114 |   166 |    27 ||   307
       Rpst.: Falchion   |    37 |    46 |     9 ||    92
